 Dungeon Crawl Stone Soup version 0.21.1-1-g345015f (webtiles) character file.

1387 inmateoo the Arsonist (level 8, -1/48 HPs)
             Began as a Deep Elf Fire Elementalist on Feb 19, 2018.
             Shot with an arrow by a centaur (9 damage)
             ... on level 6 of the Dungeon.
             The game lasted 00:09:26 (5076 turns).

inmateoo the Arsonist (Deep Elf Fire Elementalist)  Turns: 5076, Time: 00:09:27

Health: -1/48      AC:  6    Str:  5    XL:     8   Next: 40%
Magic:  12/18      EV: 13    Int: 23    God:
Gold:   265        SH:  0    Dex: 15    Spells: 3/18 levels left

rFire    + + .     SeeInvis .   A - staff of fire
rCold    x . .     Gourm    .   (no shield)
rNeg     . . .     Faith    .   a - +0 robe
rPois    .         Spirit   .   f - +0 helmet
rElec    .         Reflect  .   p - +0 cloak
rCorr    .         Harm     .   e - +1 pair of gloves
MR       +....                  (no boots)
Stlth    ++........             (no amulet)
HPRegen  0.16/turn              l - ring of protection from magic
MPRegen  0.16/turn              q - ring of fire

@: no status effects
A: no striking features
a: no special abilities


You were on level 6 of the Dungeon.
You were not hungry.

You visited 1 branch of the dungeon, and saw 6 of its levels.
You also visited: Sewer.

You collected 265 gold pieces.

Inventory:

Hand Weapons
 o - a +2 dagger of freezing
 u - a +1 short sword of electrocution
 y - a +1 quarterstaff of pain
Missiles
 g - 5 javelins (quivered)
Armour
 a - a +0 robe (worn)
 e - a +1 pair of gloves (worn)
 f - a +0 helmet (worn)
 p - a +0 cloak (worn)
Magical Staves
 A - an uncursed staff of fire (weapon)
Jewellery
 l - a ring of protection from magic (left hand)
 q - a ring of fire (right hand)
 v - an uncursed ring of resist corrosion
Wands
 r - a wand of iceblast (18)
 s - a wand of enslavement (15)
 w - a wand of clouds (5)
 B - a wand of digging (8)
Scrolls
 h - 3 scrolls of remove curse
 k - 6 scrolls of teleportation
 t - 2 scrolls of magic mapping
Potions
 d - a potion of agility {unknown}
 i - a potion of brilliance
 j - a potion of berserk rage
 m - 3 potions of invisibility
 n - a potion of flight
 x - a potion of haste
 C - a potion of mutation {unknown}
Books
 b - a book of Flames

   Spells                             Type                      Level
   a - Flame Tongue                   Conjuration/Fire             1
   b - Throw Flame                    Conjuration/Fire             2
   c - Conjure Flame                  Conjuration/Fire             3
   d - Inner Flame                    Hexes/Fire                   3
   e - Sticky Flame                   Conjuration/Fire             4
   f - Fireball                       Conjuration/Fire             5
Comestibles
 c - 13 rations
 z - a chunk of flesh


   Skills:
 * Level 3.6 Fighting
 - Level 2.4 Dodging
 - Level 2.4 Stealth
 - Level 5.7 Spellcasting
 - Level 4.0 Conjurations
 - Level 9.0 Fire Magic


You had 3 spell levels left.
You knew the following spells:

 Your Spells              Type           Power        Failure   Level  Hunger
a - Flame Tongue          Conj/Fire      #####        1%          1    None
b - Throw Flame           Conj/Fire      ######       1%          2    None
c - Conjure Flame         Conj/Fire      ######..     1%          3    #......
d - Sticky Flame          Conj/Fire      ######..     6%          4    ###....
e - Fireball              Conj/Fire      ######....   17%         5    #####..


Dungeon Overview and Level Annotations

Branches:
Dungeon (6/15)             Temple (0/1) D:6

Altars:
Dithmenos
Hepliaklqana
Makhleb
Nemelex Xobeh
Okawaru
Sif Muna
Trog
Uskayaw
Zin


Message History

You feel a strong surge of power!
The flame tongue hits the centaur.
The centaur is almost dead.
The centaur shoots an arrow.
The arrow misses you. The worker ant bites you!
You are poisoned.
The worker ant poisons you!
The centaur shoots an arrow.
The arrow hits you!
* * * LOW HITPOINT WARNING * * *
Casting: Flame Tongue
Confirm with . or Enter, or press ? or * to list all spells.
Aiming: Flame Tongue
Press: ? - help, Shift-Dir - straight line, f/p - centaur
Aim: a centaur, wielding a shortbow (almost dead)
You feel a strong surge of power!
The flame tongue hits the centaur.
The centaur appears unharmed.
The centaur is almost dead.
You feel sick.
The centaur shoots an arrow.
The arrow hits you!
* * * LOW HITPOINT WARNING * * *
The worker ant bites you but does no damage.
Unknown command.
You feel better.
The centaur shoots an arrow.
The arrow hits you!
You die...

#.......... ....#
..######..##.### .
....
...#............. ..
...
.......###..#####
.#. ..##..#.# ##.##
# ....#.....c...#
#...####
.......§..###.#
#.#.##..
.#.....a......#
#.....## ..(...§@..#
#.# #.##..##
..#.#.(...###.#
#.##....
####....#.###.##..##
#..........##..##
#.........### .##
.............# .
..############# #.
..


You could see a centaur and a worker ant.

Vanquished Creatures
  Grinder (D:3)
  An orc warrior (D:4)
  An ogre (D:4)
  A centaur (D:5)
  2 bullfrogs (Sewer)
  4 hounds
  2 jellies (D:3)
  An orc priest (D:4)
  A bullfrog skeleton (D:4)
  A gnoll shaman (D:4)
  An iguana (D:6)
  Natasha (twice) (D:3)
  Terence (D:3)
  2 worker ants
  9 adders
  5 gnolls (D:4)
  22 oozes
  An adder skeleton (D:4)
  A dart slug (D:3)
  A worm (D:5)
  18 leopard geckos
  8 orcs
  7 bats
  10 giant cockroaches
  8 goblins
  6 hobgoblins
  7 jackals
  10 kobolds
  2 quokkas (D:4)
  11 ball pythons
  21 frilled lizards
  3 rats
171 creatures vanquished.

Vanquished Creatures (others)
  10 toadstools (D:3)
10 creatures vanquished.

Grand Total: 181 creatures vanquished

Notes
Turn   | Place    | Note
-------+----------+-------------------------------------------
     0 | D:1      | inmateoo the Deep Elf Fire Elementalist began the quest for the Orb.
     0 | D:1      | Reached XP level 1. HP: 10/10 MP: 6/6
   163 | D:1      | Reached XP level 2. HP: 15/15 MP: 6/8
   167 | D:1      | Reached skill level 4 in Fire Magic
   530 | D:1      | Learned a level 2 spell: Throw Flame
   561 | D:2      | Found a bloodstained altar of Trog.
   719 | D:2      | Found a hide-covered altar of Uskayaw.
   806 | D:2      | Reached XP level 3. HP: 19/19 MP: 6/9
  1213 | D:3      | Reached skill level 5 in Fire Magic
  1275 | D:3      | Learned a level 3 spell: Conjure Flame
  1482 | D:3      | Noticed Natasha
  1485 | D:3      | Noticed Terence
  1490 | D:3      | Killed Natasha
  1490 | D:3      | Reached XP level 4. HP: 19/24 MP: 2/10
  1501 | D:3      | Killed Terence
  1659 | D:3      | Reached skill level 6 in Fire Magic
  1744 | D:3      | Noticed Natasha
  1746 | D:3      | Noticed Grinder
  1749 | D:3      | Killed Natasha
  1749 | D:3      | Reached XP level 5. HP: 20/28 MP: 7/12
  1755 | D:3      | Killed Grinder
  1755 | D:3      | Reached skill level 5 in Spellcasting
  1755 | D:3      | Reached XP level 6. HP: 9/32 MP: 3/16
  1781 | D:3      | Learned a level 4 spell: Sticky Flame
  1787 | D:3      | Learned a level 5 spell: Fireball
  2918 | D:4      | Found a shadowy altar of Dithmenos.
  3080 | D:4      | Reached skill level 7 in Fire Magic
  3080 | D:4      | Reached XP level 7. HP: 36/36 MP: 5/17
  3188 | D:4      | Found a hazy altar of Hepliaklqana.
  3367 | D:4      | Found an iron altar of Okawaru.
  3367 | D:4      | Found a deep blue altar of Sif Muna.
  3368 | D:4      | Found a glowing silver altar of Zin.
  3432 | D:4      | Reached skill level 8 in Fire Magic
  3931 | D:5      | Entered Level 5 of the Dungeon
  4006 | D:5      | Found a glowing drain.
  4054 | D:5      | Found a sparkling altar of Nemelex Xobeh.
  4128 | Sewer    | Entered a sewer
  4218 | Sewer    | Reached skill level 9 in Fire Magic
  4218 | Sewer    | Reached XP level 8. HP: 41/41 MP: 12/18
  4329 | Sewer    | Reached skill level 1 in Fighting
  4865 | D:5      | Found a burning altar of Makhleb.
  5064 | D:6      | Found a staircase to the Ecumenical Temple.
  5075 | D:6      | HP: 1/48 [centaur/arrow (12)]
  5076 | D:6      | Shot with an arrow by a centaur

Skill      XL: |  1  2  3  4  5  6  7  8 |
---------------+-------------------------+-----
Fire Magic     | 4 5 6 7 9 |  9.0
Spellcasting   | 5 |  5.7
Conjurations   | 3 4 |  4.0
Fighting       | 3 |  3.6
Dodging        | |  2.4
Stealth        | |  2.4

Action                   |  1- 3 |  4- 6 |  7- 9 || total
-------------------------+-------+-------+-------++-------
Melee: Short sword       |     1 |    11 |    10 ||    22
       Dagger            |     3 |     6 |       ||     9
       Staff             |       |       |     1 ||     1
Throw: Javelin           |    28 |     4 |       ||    32
 Cast: Flame Tongue      |    40 |    42 |   157 ||   239
       Throw Flame       |     2 |     5 |     6 ||    13
       Conjure Flame     |     1 |     3 |     2 ||     6
       Sticky Flame      |       |       |     1 ||     1
       Fireball          |       |       |     1 ||     1
  Use: Scroll            |     4 |     4 |     5 ||    13
       Potion            |       |       |     1 ||     1
 Stab: Sleeping          |     1 |       |       ||     1
  Eat: Chunk             |     2 |     5 |     6 ||    13
Armor: Robe              |     7 |     4 |    25 ||    36
Dodge: Dodged            |    11 |    10 |    52 ||    73
